 Dungeon Crawl Stone Soup version 0.18-a0-1692-g516f9e9 (webtiles) character file.

268 4thArraOfDagon the Chopper (level 6, -3/48 HPs)
             Began as a Mummy Chaos Knight on Apr 5, 2016.
             Incinerated by a mottled dragon (4 damage)
             ... with a sticky flame
             ... on level 4 of the Dungeon.
             The game lasted 00:04:16 (1013 turns).

4thArraOfDagon the Chopper (Mummy Chaos Knight)     Turns: 1013, Time: 00:04:17

Health: -3/48      AC:  5    Str: 16    XL:     6   Next: 0%
Magic:  6/6        EV: 11    Int: 13    God:    Xom [..*...]
Gold:   21         SH:  0    Dex: 11    Spells: 0 memorised, 5 levels left

rFire  x . .     SeeInvis .     a - +0 hand axe (chaos)
rCold  + . .     Gourm    .     b - +2 leather armour
rNeg   + + +     Faith    .     (no shield)
rPois  ∞         Spirit   .     (no helmet)
rElec  .         Dismiss  .     (no cloak)
rCorr  .         Reflect  .     (no gloves)
SustAt .         Harm     .     (no boots)
MR     .....                    (no amulet)
Stlth  +.........               (no ring)
                                (no ring)

@: liquid flames, glowing, not resistant to hostile enchantments, very
unstealthy
A: no food or potions, fire vulnerability, cold resistance 1, negative energy
resistance 3, torment resistance, unbreathing
a: Renounce Religion


You were on level 4 of the Dungeon.
You worshipped Xom.
You were a toy of Xom.
You were not hungry.

You visited 1 branch of the dungeon, and saw 4 of its levels.

You collected 21 gold pieces.

Inventory:

Hand Weapons
 a - a +0 hand axe of chaos (weapon)
 k - a +0 blowgun
Missiles
 h - 33 stones (quivered)
 l - 4 poisoned needles
Armour
 b - a +2 leather armour (worn)
 d - a cursed +0 scale mail
 j - a +0 plate armour
Scrolls
 c - a scroll of identify {unknown}
 f - a scroll of random uselessness {unknown}
 g - 2 scrolls of remove curse {unknown}
Books
 i - a book of the Warp

   Spells                             Type                      Level
   a - Recall                         Summoning/Translocation      3
   b - Gell's Gravitas                Hexes/Translocation          3
   c - Force Lance                    Conjuration/Translocation    4
   d - Warp Weapon                    Charms/Translocation         5
   e - Summon Forest                  Summoning/Translocation      5


   Skills:
 + Level 4.1 Fighting
 * Level 4.3 Axes
 + Level 2.9 Armour
 - Level 0.7 Dodging


You had 5 spell levels left.
You didn't know any spells.

Dungeon Overview and Level Annotations

Branches:
Dungeon (4/15)
 Temple: D:4-7

Altars:

Annotations:
D:4 PeterLawrence's ghost, amateur MiFi


Innate Abilities, Weirdness & Mutations

You do not eat or drink.
Your flesh is vulnerable to fire.
You are immune to poison.
Your flesh is cold resistant.
You are immune to negative energy.
You are immune to unholy pain and torment.
You can survive without breathing.


Message History

* * * LOW HITPOINT WARNING * * *
You kill the mottled dragon!
Your Fighting skill increases to level 4!
Your Axes skill increases to level 4!
You have reached level 6!
Your experience leads to an increase in your attributes!
Increase (S)trength, (I)ntelligence, or (D)exterity?
You feel clever.
Unknown command.
You can't drink.
Read which item? (? for menu, Esc to quit)
Okay, then.
Unknown command.
Enter note: :) Read which item? (? for menu, Esc to quit)
As you read the scroll labeled IRROMUMEHI, it crumbles to dust.
You assume a fearsome visage.
Nothing appears to happen.
It was a scroll of fear.
You are covered in liquid flames!
You die...

.†...# #..#...##* ., ....##
##..# ## #### ..,, ...##
##.## ##..###**...,S,, ..##
#####.## #.....##..# , .##
##...##.## #.......##*** * #*
###.....#..## *#....%..##
##....%..##..####......$.#*
##........###..##..........#*
##.........####%@.###.......>
#...........# #..## ##.......
............###.### *#......
* #...<.......##....###
*#.....
#...<.......##......##
*##...,
#...........#........## *##.
#.....................## ***
##....÷......#.........#
#..........##.........#


There were no monsters in sight!

Vanquished Creatures
  A mottled dragon (D:4)
  A howler monkey (D:4)
  A giant frog skeleton (D:4)
  A worker ant zombie (D:3)
  An adder (D:4)
  An adder zombie (D:3)
  2 adder skeletons (D:3)
  A worm (D:2)
  5 orcs (D:3)
  A bat (D:3)
  3 giant cockroaches
  4 goblins
  6 hobgoblins
  7 jackals
  2 ball pythons
  A ball python skeleton (D:3)
  A giant cockroach zombie (D:3)
  A giant gecko skeleton (D:3)
  A giant gecko zombie (D:3)
  2 giant newts
  5 kobolds
  A quokka skeleton (D:3)
  A rat (D:2)
50 creatures vanquished.

Notes
Turn   | Place    | Note
--------------------------------------------------------------
     0 | D:1      | 4thArraOfDagon the Mummy Chaos Knight began the quest for the Orb.
     0 | D:1      | Reached XP level 1. HP: 18/18 MP: 1/1
    93 | D:1      | XOM: potion effect (might)
    94 | D:1      | Reached XP level 2. HP: 7/24 MP: 2/2
   223 | D:1      | Reached XP level 3. HP: 12/29 MP: 3/3
   225 | D:1      | XOM: silly message
   281 | D:1      | HP: 1/29 [hobgoblin/club (5)]
   541 | D:4      | XOM: confuse monster(s)
   552 | D:4      | Reached XP level 4. HP: 7/36 MP: 4/4
   579 | D:4      | XOM: harmless Erth miscast
   654 | D:4      | Noticed PeterLawrence's ghost (amateur MiFi)
   666 | D:4      | XOM: summons friendly white imp
   667 | D:4      | XOM: fake destruction
   674 | D:4      | XOM: divination: magic mapping
   697 | D:4      | XOM: enchant monster (good)
   733 | D:4      | XOM: divination: detect creatures
   738 | D:4      | XOM: enchant monster (bad)
   742 | D:4      | XOM: enchant monster (good)
   826 | D:3      | Noticed a crocodile
   872 | D:3      | XOM: harmless Chrm miscast
   917 | D:3      | Reached XP level 5. HP: 36/42 MP: 5/5
   963 | D:3      | Found a faded altar to an unknown god.
  1008 | D:4      | Noticed a mottled dragon
  1008 | D:4      | a worm changed into a mottled dragon
  1012 | D:4      | HP: 1/42 [burnt (3)]
  1012 | D:4      | Killed a mottled dragon
  1012 | D:4      | Reached XP level 6. HP: 1/48 MP: 6/6
  1013 | D:4      | :)
  1013 | D:4      | Incinerated by a mottled dragon

Vault maps used:
D:1:      dpeg_arrival_radiant, corexii_corridor_pit
D:2:      kennysheep_the_goblin_king, nicolae_qazlal_general_emergency,
          marbit_many_paths, kennysheep_generic_room_8, uniq_natasha
D:3:      lemuel_coloured_pillars_altar, first_bread, serial_undead,
          serial_undead_f, serial_undead_c, serial_undead_c, serial_undead_e,
          serial_undead_d, serial_undead_d, ecumenical_altar_1,
          minmay_strange_pillars, lightli_corner_chamber
D:4:      old_standard_altar, minmay_temple_entry_fiery, uniq_sigmund

Skill      XL: |  1  2  3  4  5 |
---------------+----------------+-----
Axes           | 3 4 |  4.3
Armour         | 2 |  2.9
Fighting       | 4 |  4.1
Dodging        | |  0.7

Action                   |  1- 3 |  4- 6 || total
-------------------------+-------+-------++-------
Melee: Hand axe          |   106 |    60 ||   166
Throw: Stone             |     1 |       ||     1
  Use: Scroll            |       |     1 ||     1
 Stab: Sleeping          |     1 |       ||     1
       Paralysed         |     3 |       ||     3
       Confused          |     1 |       ||     1
